 Dungeon Sprint DCSS version 0.19-a0-1142-ga75ee97 (webtiles) character file.

20 IDKthis2c the Magician (level 2, -3/15 HPs)
             Began as a Deep Elf Wizard on Aug 13, 2016.
             Slain by a wolf (8 damage)
             ... in the Dungeon (Sprint III: "The Ten Rune Challenge").
             The game lasted 00:04:59 (441 turns).

IDKthis2c the Magician (Deep Elf Wizard)             Turns: 441, Time: 00:04:59

Health: -3/15      AC:  2    Str:  4    XL:     2   Next: 58%
Magic:  11/12      EV: 13    Int: 22    God:
Gold:   15         SH:  0    Dex: 13    Spells: 5 memorised, 6 levels left

rFire  . . .     SeeInvis .     (no weapon)
rCold  . . .     Gourm    .     a - +0 robe
rNeg   . . .     Faith    .     (no shield)
rPois  .         Spirit   .     b - +0 hat
rElec  .         Dismiss  .     (no cloak)
rCorr  .         Reflect  .     (no gloves)
MR     .....     Harm     .     (no boots)
Stlth  ++........ NoTele   +    (no amulet)
                                (no ring)
                                (no ring)

@: repel missiles
A: no striking features
a: no special abilities


You were in the Dungeon.
You were not hungry.

You visited 1 branch You collected 15 gold pieces.

Inventory:

Armour
 a - a +0 robe (worn)
 b - a +0 hat (worn)
Scrolls
 j - a scroll of blinking
 k - 4 scrolls of identify
 l - 4 scrolls of remove curse
 n - 2 scrolls of holy word {unknown}
Potions
 e - 2 potions of curing
 f - a potion of heal wounds
 g - a potion of haste
 h - 2 potions of magic
 i - a potion of berserk rage
 m - 2 potions of mutation {unknown}
 p - 2 potions of cure mutation
 q - 2 potions of flight {unknown}
Books
 c - a book of Minor Magic

   Spells                             Type                      Level
   a - Magic Dart                     Conjuration                  1
   b - Blink                          Translocation                2
   c - Call Imp                       Summoning                    2
   d - Repel Missiles                 Charms/Air                   2
   e - Slow                           Hexes                        2
   f - Conjure Flame                  Conjuration/Fire             3
   g - Mephitic Cloud                 Conjuration/Poison/Air       3
Comestibles
 d - a bread ration
 o - 2 royal jellies


   Skills:
 + Level 3.4 Dodging
 + Level 2.7 Stealth
 + Level 0.1 Unarmed Combat
 + Level 7.1 Spellcasting
 + Level 1.7 Conjurations
 + Level 1.5 Summonings
 + Level 1.1 Translocations
 + Level 0.4 Air Magic


You had 6 spell levels left.
You knew the following spells:

 Your Spells              Type           Power        Failure   Level  Hunger
a - Magic Dart            Conj           ###.         6%          1    None
b - Blink                 Tloc           N/A          10%         2    None
c - Call Imp              Summ           ##......     10%         2    None
d - Repel Missiles        Chrm/Air       #.....       14%         2    None
e - Slow                  Hex            #.......     14%         2    None


Dungeon Overview and Level Annotations

Branches:
Dungeon (1/1)

Altars:


Message History

Items here: !!! % ???
n - 2 scrolls labeled ARUR VEVAAM (gained 1)
k - 4 scrolls of identify (gained 2)
l - 4 scrolls of remove curse (gained 1)
m - 2 dark potions (gained 1);
q - 2 fizzy grey potions (gained 1)
e - 2 potions of curing (gained 1);
o - 2 royal jellies (gained 1)
Casting: Call Imp
Confirm with . or Enter, or press ? or * to list all spells.
You blink.
The wolf barely misses you. The wolf closely misses you. The wolf bites you!
The wolf closely misses you. The wolf misses you. The wolf closely misses you.
The wolf bites you. The wolf misses you.
There is an open door here.
The wolf bites you. The wolf misses you. The wolf closely misses you.
You barely miss the wolf. The wolf bites you. The wolf bites you!
Ouch! That really hurt!
You die...

▓▓▓▓▓▓▓▓▓ ▓▓▓
▓<..#...#### ##.#
▓...#......#####..#
▓..##.......#.@#..#
▓##.##.##...#h.#..#
##.##.###..##'#..#
▓#.####.##..###...+
▓.###..##..####...#
▓#.....##..###....#
###..##†..##.....#
##..##....#......#
#..###..##.#.....#


You could see a wolf.

Vanquished Creatures
  2 oozes (D)
  2 rats (D)
4 creatures vanquished.

Vanquished Creatures (collateral kills)
  A human (D)
1 creature vanquished.

Vanquished Creatures (others)
  2 draconian scorchers (D)
  6 hellions (D)
8 creatures vanquished.

Grand Total: 13 creatures vanquished

Notes
Turn   | Place    | Note
-------+----------+-------------------------------------------
     0 | D        | IDKthis2c the Deep Elf Wizard began the quest for the Orb.
     0 | D        | Reached XP level 1. HP: 10/10 MP: 7/7
    12 | D        | Reached skill level 5 in Spellcasting
    98 | D        | Reached skill level 6 in Spellcasting
    98 | D        | Reached XP level 2. HP: 5/15 MP: 4/11
   104 | D        | Learned a level 2 spell: Blink
   104 | D        | Killed a hellion
   105 | D        | Killed a hellion
   107 | D        | Learned a level 2 spell: Call Imp
   110 | D        | Learned a level 2 spell: Repel Missiles
   113 | D        | Learned a level 2 spell: Slow
   126 | D        | Killed a hellion
   133 | D        | Killed a hellion
   140 | D        | Killed a hellion
   168 | D        | Killed a white draconian scorcher
   168 | D        | Killed a white draconian scorcher
   267 | D        | Killed a hellion
   331 | D        | Reached skill level 7 in Spellcasting
   441 | D        | Slain by a wolf

Vault maps used:
D:        dungeon_sprint_mu

Skill      XL: |  1  2 |
---------------+-------+-----
Dodging        | 3 |  3.4
Spellcasting   | 6 7 |  7.1
Stealth        | |  2.7
Unarmed Combat | |  0.1
Conjurations   | |  1.7
Summonings     | |  1.5
Translocations | |  1.1
Air Magic      | |  0.4

Action                   || total
-------------------------++-------
Melee: Unarmed           ||     2
 Cast: Magic Dart        ||    13
       Call Imp          ||     5
       Blink             ||     1
       Repel Missiles    ||     1
 Stab: Sleeping          ||     1
Armor: Robe              ||     2
Dodge: Dodged            ||    10
